 Dungeon Crawl Stone Soup version 0.23.0 (webtiles) character file.

Game seed: 8214410809131355162

1155 theswoord the Carver (level 8, -1/103 HPs)
             Began as a Naga Berserker on Feb 13, 2019.
             Was a Priest of Trog.
             Engulfed by a steam dragon's steam (6 damage)
             ... on level 5 of the Dungeon.
             The game lasted 00:08:11 (4443 turns).

theswoord the Carver (Naga Berserker)               Turns: 4443, Time: 00:08:12

Health: -1/103     AC:  5    Str: 24    XL:     8   Next: 39%
Magic:  8/8        EV: 10    Int:  6    God:    Trog [***...]
Gold:   529        SH:  0    Dex: 17    Spells: 7/7 levels left

rFire    . . .     SeeInvis +   s - +0 long sword
rCold    + + .     Gourm    .   (no shield)
rNeg     + . .     Faith    .   o - +1 leather armour of the Pit {rN+ MR+ Dex+4}
rPois    +         Spirit   .   (no helmet)
rElec    .         Reflect  .   h - scarf {repulsion}
rCorr    .         Harm     .   (no gloves)
MR       ++...                  (no barding)
Stlth    ..........             (no amulet)
HPRegen  0.27/turn              i - -2 ring of intelligence (curse)
MPRegen  0.11/turn              q - ring "Dyl Tueryxoq" {rC++ SInv}

@: berserking, repel missiles, quick
A: large, see invisible, deformed body, poison resistance, slowness 2, slow
metabolism 1, spit poison 1, AC +2
a: Spit Poison, Berserk, Trog's Hand, Renounce Religion


You were on level 5 of the Dungeon.
You worshipped Trog.
Trog was most pleased with you.
You were near starving.

You visited 1 branch of the dungeon, and saw 5 of its levels.
You also visited: Ossuary.

You collected 529 gold pieces.

Inventory:

Hand Weapons
 a - a +0 falchion
 s - a +0 long sword (weapon)
Armour
 b - a +0 animal skin
 h - a scarf of repulsion (worn)
 k - a +0 scale mail
 o - the +1 leather armour of the Pit (worn) {rN+ MR+ Dex+4}
   (You found it on level 4 of the Dungeon)

   It affects your dexterity (+4).
   It protects you from negative energy.
   It affects your resistance to hostile enchantments.
Jewellery
 i - a cursed -2 ring of intelligence (left hand)
 l - an uncursed ring of protection from cold
 q - the ring "Dyl Tueryxoq" (right hand) {rC++ SInv}
   (You found it on level 4 of the Dungeon)

   [ring of see invisible]

   It greatly protects you from cold.
   It lets you see invisible.
 t - an uncursed ring of positive energy {unknown}
Scrolls
 e - 6 scrolls of teleportation
 g - a scroll of amnesia
 r - a scroll of identify
 u - a scroll of noise {unknown}
 v - 2 scrolls of remove curse
 x - a scroll of blinking
Potions
 d - a potion of berserk rage {unknown}
 f - 2 potions of might
 j - 3 potions of curing
 m - a potion of degeneration {unknown}
 n - a potion of lignification
 p - a potion of invisibility {unknown}
 w - 2 potions of agility {unknown}
Comestibles
 c - 10 rations


   Skills:
 - Level 3.0 Fighting
 + Level 10.1 Long Blades
 - Level 1.5 Armour
 - Level 1.5 Dodging


You had 7 spell levels left.
You didn't know any spells.
Your spell library was empty.

Dungeon Overview and Level Annotations

Branches:
Dungeon (5/15)
 Temple: D:4-7

Altars:
Gozag
Wu Jian
Xom
Zin
The Shining One

Shops:
D:4 ([(   D:5 *

Annotations:
D:5 2 transporters, kalagan's ghost, novice DEEE


Innate Abilities, Weirdness & Mutations

You cannot wear boots.
Your serpentine skin is tough. (AC +2)
You have supernaturally acute eyesight. (SInv)
Armour fits poorly on your strangely shaped body.
Your system is resistant to poisons. (rPois)
You cover ground very slowly.
You have a slow metabolism.
You can spit poison.


Message History

* * * LOW HITPOINT WARNING * * *
The steam dragon claws you but does no damage.
You closely miss the steam dragon.
You are engulfed in a cloud of scalding steam.
* * * LOW HITPOINT WARNING * * *
You slash the steam dragon!
You are engulfed in a cloud of scalding steam.
* * * LOW HITPOINT WARNING * * *
The steam dragon breathes steam at you. The ball of steam hits you!
* * * LOW HITPOINT WARNING * * *
The ball of steam hits the fungus!
The ball of steam hits the fungus!!
You are near starving!
You closely miss the steam dragon.
The fungus is engulfed in a cloud of scalding steam. x2
You are too berserk!
You are too berserk!
You slash the steam dragon!
You are engulfed in a cloud of scalding steam.
You die...

#..≈≈≈≈≈≈≈≈≈≈≈...≈≈≈≈≈≈≈≈≈≈≈...
#..≈≈≈≈≈≈≈≈≈≈≈...≈≈≈≈≈≈≈≈≈≈≈...
#..............................
#....##################.......#
###### #### ######### #P≈P# ###
≈≈≈≈≈# ########.P
P...≈.#########≈P.≈.P.≈^
....PPD@PP≈≈P.P.........
......[.§§.....P..P.≈PP≈
....≈.^.^.P≈#######PP...
.≈.≈P≈####### ###P≈≈ ##PP##
#### ###


You could see a steam dragon.

Vanquished Creatures
  A steam dragon (D:5)
  An ice beast (D:5)
  A phantom (D:5)
  An ogre (D:4)
  An elf zombie (Ossuary)
  2 scorpions
  A crimson imp (D:4)
  A centaur skeleton (D:5)
  A centaur zombie (Ossuary)
  A human zombie (Ossuary)
  2 hounds
  An orc priest (D:5)
  2 orc wizards
  2 worker ants
  Natasha (twice) (D:3)
  3 big kobold zombies (Ossuary)
  2 mummies (Ossuary)
  6 adders
  A howler monkey skeleton (D:4)
  2 worms
  3 dart slugs (D:1)
  2 leopard geckos
  3 orcs
  6 giant cockroaches
  2 gnoll zombies (Ossuary)
  9 hobgoblins
  5 jackals
  5 kobolds
  3 quokkas
  8 bats
  2 frilled lizards
  7 goblins
  A goblin zombie (Ossuary)
  2 hobgoblin zombies (Ossuary)
  3 orc zombies (Ossuary)
  A quokka zombie (D:5)
  4 rats
100 creatures vanquished.

Vanquished Creatures (others)
  A fungus (D:5)
1 creature vanquished.

Grand Total: 101 creatures vanquished

Notes
Turn   | Place    | Note
-------+----------+-------------------------------------------
     0 | D:1      | theswoord the Naga Berserker began the quest for the Orb.
     0 | D:1      | Reached XP level 1. HP: 21/21 MP: 1/1
   106 | D:1      | Reached XP level 2. HP: 28/28 MP: 2/2
   357 | D:1      | Reached skill level 4 in Long Blades
   427 | D:1      | Reached XP level 3. HP: 26/34 MP: 3/3
   905 | D:2      | Reached ** piety under Trog
   905 | D:2      | Reached XP level 4. HP: 31/42 MP: 4/4
   948 | D:2      | Reached skill level 5 in Long Blades
  1449 | D:3      | Reached XP level 5. HP: 49/49 MP: 5/5
  1666 | D:3      | Noticed Natasha
  1680 | D:3      | Killed Natasha
  1680 | D:3      | Reached skill level 6 in Long Blades
  1922 | D:3      | Found an ornate altar of the Wu Jian Council.
  2153 | D:3      | Noticed Natasha
  2162 | D:3      | Killed Natasha
  2162 | D:3      | Reached XP level 6. HP: 49/56 MP: 6/6
  2527 | D:4      | Reached skill level 7 in Long Blades
  2558 | D:4      | Got a smelly leather armour
  2569 | D:4      | Identified the +1 leather armour of the Pit {rN+ MR+ Dex+4}
                  | (You found it on level 4 of the Dungeon)
  2796 | D:4      | Found a glowing silver altar of Zin.
  2801 | D:4      | Found Ypoa's Antique Armour Shop.
  2801 | D:4      | Found an opulent altar of Gozag.
  2802 | D:4      | Found a shimmering altar of Xom.
  2815 | D:4      | Reached XP level 7. HP: 38/62 MP: 7/7
  2912 | D:4      | Found Hicu's Weapon Boutique.
  2929 | D:4      | Got a pitted lapis lazuli ring
  2930 | D:4      | Identified the ring "Dyl Tueryxoq" {rC++ SInv} (You found
                  | it on level 4 of the Dungeon)
  3255 | D:4      | Found Mutuph's Antique Weapon Shop.
  3299 | D:5      | Entered Level 5 of the Dungeon
  3341 | D:5      | Found a sand-covered staircase.
  3351 | Ossuary  | Entered an ossuary
  3372 | Ossuary  | Reached skill level 8 in Long Blades
  3377 | Ossuary  | Reached *** piety under Trog
  3849 | D:5      | Reached skill level 9 in Long Blades
  3933 | D:5      | Found a glowing golden altar of the Shining One.
  3953 | D:5      | Reached XP level 8. HP: 45/69 MP: 8/8
  4176 | D:5      | Identified the +3 shield of the Slightly Bent {Dex+9}
  4274 | D:5      | Found a transporter.
  4274 | D:5      | Found a transporter.
  4286 | D:5      | Noticed kalagan's ghost (novice DEEE)
  4344 | D:5      | Found Evel's Assorted Antiques.
  4439 | D:5      | Reached skill level 10 in Long Blades
  4441 | D:5      | HP: 5/103 [steam dragon/ball of steam (14)]
  4443 | D:5      | Engulfed by a steam dragon's steam

Skill      XL: |  1  2  3  4  5  6  7  8 |
---------------+-------------------------+-----
Long Blades    | 4 5 6 7 9 10 | 10.1
Fighting       | |  3.0
Armour         | |  1.5
Dodging        | |  1.5

Action                   |  1- 3 |  4- 6 |  7- 9 || total
-------------------------+-------+-------+-------++-------
Melee: Falchion          |    65 |   165 |    16 ||   246
       Long sword        |       |       |   132 ||   132
Invok: Berserk           |       |       |     4 ||     4
 Abil: Spit Poison       |       |     8 |     2 ||    10
  Use: Scroll            |     7 |       |     1 ||     8
 Stab: Sleeping          |     1 |       |       ||     1
  Eat: Chunk             |       |     5 |     4 ||     9
       Ration            |       |       |     1 ||     1
Armor: Animal skin       |     3 |       |       ||     3
       Scale mail        |    12 |    60 |       ||    72
       Leather armour    |       |     1 |    53 ||    54
Dodge: Dodged            |    42 |    65 |    68 ||   175
       Deflected         |       |     1 |       ||     1
       Rpst.: Falchion   |    20 |    22 |     2 ||    44
       Long sword        |       |       |    20 ||    20

Levels and vault maps discovered:
D:1:      dpeg_arrival_arbitrary_b, layout_loops_ring, feat_on_display
D:2:      layout_loops_ring, first_ration, st_stairs_1
D:3:      layout_basic, lemuel_doored_altar, uniq_natasha
D:4:      layout_basic, gammafunk_temple_overflow_forgotten, serial_shops, shop,
          nicolae_shop_crystal, shop
D:5:      kennysheep_steamy, layout_basic, nicolae_overflow_crystal_walls,
          nicolae_ossuary_entry_monument, serial_shops, kennysheep_little_box,
          gammafunk_ghost_gnarly_gnolls
Ossuary:  minmay_ossuary_gauntlet
